Map: Ulrena

Players

llllllllllll - Winner!

  • Race: Protoss Protoss
  • League: Master

Miszu

  • Race: Terran Terran
  • League: Master

VOD

Have the link to the VOD?

Description

Time

  • Played on: April 20, 2016, 2:34 p.m.
  • Length: 13:00
Show
View Real Time Build Order
Export as new Build Order

llllllllllll Protoss - Winner!

Build Orders: 1 Gate Expand 

Get SALT Encoding   

  12  0:01  Probe (Chrono Boost)  
  13  0:11  Probe (Chrono Boost)  
  14  0:20  Pylon  
  14  0:22  Probe (Chrono Boost)  
  15  0:38  Probe (Chrono Boost)  
  15  0:39  Gateway  
  16  0:46  Assimilator  
  16  0:48  Probe (Chrono Boost)  
  17  0:59  Probe (Chrono Boost)  
  18  1:10  Probe (Chrono Boost)  
  19  1:20  Probe (Chrono Boost)  
  20  1:28  Nexus  
  20  1:36  Cybernetics Core  
  20  1:38  Probe (Chrono Boost)  
  21  1:45  Assimilator  
  21  1:49  Probe (Chrono Boost)  
  22  1:56  Pylon  
  22  2:00  Probe (Chrono Boost)  
  23  2:14  Adept  
  23  2:15  Mothership Core (Chrono Boost)  
  27  2:20  Warp Gate  
  27  2:33  Probe (Chrono Boost)  
  28  2:41  Adept, Pylon  
  28  2:42  Probe (Chrono Boost)  
  28  2:44  Probe (Chrono Boost)  
  32  2:52  Probe (Chrono Boost)  
  32  2:54  Probe (Chrono Boost)  
  34  3:02  Robotics Facility  
  34  3:03  Probe (Chrono Boost)  
  35  3:07  Probe (Chrono Boost)  
  36  3:13  Probe (Chrono Boost)  
  36  3:17  Probe (Chrono Boost)  
  38  3:24  Probe (Chrono Boost)  
  39  3:28  Probe (Chrono Boost)  
  39  3:29  Twilight Council  
  40  3:34  Probe (Chrono Boost)  
  40  3:38  Probe (Chrono Boost)  
  40  3:39  Pylon  
  42  3:42  Gateway  
  42  3:44  Probe (Chrono Boost)  
  43  3:49  Gateway, Observer (Chrono Boost)  
  43  3:51  Probe  
  43  3:55  Pylon  
  45  4:00  Probe  
  46  4:03  Gateway  
  46  4:04  Probe  
  47  4:13  Gateway, Resonating Glaives (Chrono Boost)  
  47  4:14  Observer  
  48  4:19  Probe  
  48  4:21  Probe  
  50  4:27  Pylon  
  50  4:30  Probe  
  50  4:37  Probe  
  52  4:42  Probe  
  53  4:47  Nexus  
  53  4:51  Adept, Assimilator  
  53  4:52  Adept  
  57  4:54  Assimilator  
  57  4:57  Pylon  
  57  4:58  Probe  
  58  5:00  Probe  
  59  5:11  Pylon  
  59  5:12  Adept x2  
  59  5:13  Pylon  
  63  5:19  Adept x2  
  67  5:27  Stalker  
  69  5:31  Pylon  
  69  5:34  Probe  
  70  5:39  Pylon  
  70  5:41  Adept, Blink (Chrono Boost)  
  72  5:48  Gateway  
  72  5:50  Adept  
  72  5:55  Sentry x2, Pylon  
  78  5:57  Probe  
  78  6:01  Adept  
  81  6:04  Adept  
  81  6:05  Probe  
  84  6:14  Stalker  
  86  6:19  Stalker x2  
  86  6:21  Probe x2  
  86  6:22  Probe  
  93  6:30  Stalker x2  
  93  6:31  Probe  
  97  6:40  Gateway  
  97  6:44  Observer (Chrono Boost)  
  97  6:46  Adept  
  99  6:47  Adept x3  
  99  6:51  Probe  
  99  6:52  Pylon  
  106  7:03  Adept  
  106  7:04  Adept  
  106  7:07  Adept x2, Pylon  
  106  7:08  Adept  
  116  7:09  Probe  
  116  7:11  Probe  
  116  7:14  Adept  
  118  7:30  Adept  
  118  7:31  Adept x4  
  118  7:36  Adept  
  127  7:53  Adept x4  
  127  7:54  Adept  
  127  7:56  Adept x2  
  121  8:24  Pylon  
  121  8:26  Pylon  
  104  8:58  Nexus  
  103  9:03  Pylon  
  103  9:04  Pylon  
  103  9:06  Pylon  
  103  9:08  Pylon  
  103  9:15  Pylon  
  102  10:26  Pylon  
  102  10:28  Pylon x2  
  102  10:32  Pylon  
  102  10:47  Gateway  
  102  10:48  Gateway  
  102  10:55  Pylon  
  100  11:04  Gateway  
  100  11:06  Pylon  
  100  11:22  Cybernetics Core  
  100  11:30  Pylon  
  100  11:32  Pylon  
  100  11:44  Gateway x2  
  100  11:56  Pylon  
  100  11:58  Pylon  
  100  12:01  Adept x2  
  103  12:17  Robotics Facility  
  101  12:23  Stalker x3  
  101  12:41  Stalker x2  
  105  12:53  Nexus  
Show
View Real Time Build Order
Export as new Build Order

Miszu Terran 

Build Orders: Reaper Expand, MMM Bio 

Get SALT Encoding   

  12  0:00  SCV  
  13  0:12  SCV  
  14  0:17  Supply Depot  
  14  0:25  SCV  
  15  0:39  SCV  
  15  0:41  Barracks  
  16  0:44  Refinery  
  16  0:51  SCV  
  17  1:03  SCV  
  18  1:15  SCV  
  19  1:30  Reaper, Orbital Command  
  20  1:44  Command Center  
  20  1:55  SCV  
  20  1:59  Supply Depot  
  21  2:08  SCV  
  22  2:10  Factory  
  22  2:18  Refinery  
  22  2:23  Barracks Reactor  
  22  2:24  Barracks  
  22  2:33  SCV  
  23  2:45  SCV  
  23  2:56  Barracks  
  23  2:57  SCV  
  24  2:59  Orbital Command  
  24  3:02  Marine x2  
  26  3:06  Factory Tech Lab  
  26  3:09  Refinery, SCV  
  27  3:13  Barracks Tech Lab  
  27  3:20  Marine  
  27  3:21  SCV  
  29  3:28  SCV  
  29  3:33  SCV  
  29  3:34  Cyclone  
  34  3:35  Marine  
  34  3:38  Marine  
  34  3:40  SCV  
  34  3:41  Marine  
  37  3:46  SCV  
  39  3:49  Marine  
  39  3:52  SCV  
  39  3:53  Stimpack  
  39  3:54  Marine  
  42  3:58  SCV  
  43  4:04  Supply Depot, SCV  
  43  4:07  Marine x2  
  46  4:21  Refinery  
  46  4:23  Engineering Bay, Factory Reactor, Starport  
  46  4:25  Marine x3  
  46  4:26  SCV x2  
  46  4:28  Supply Depot  
  46  4:31  Marine  
  52  4:38  SCV x2  
  54  4:50  Marine x4, SCV x2  
  54  4:51  Supply Depot  
  60  5:02  SCV x2  
  62  5:11  Supply Depot  
  62  5:13  Medivac x2  
  66  5:14  Marauder, SCV x2  
  66  5:15  Supply Depot  
  66  5:16  Factory Reactor  
  70  5:23  Barracks x2  
  70  5:29  Refinery  
  70  5:31  Combat Shields  
  70  5:32  SCV x2  
  70  5:34  Supply Depot  
  72  5:36  Marauder  
  72  5:37  Marine  
  72  5:40  Marauder  
  77  5:43  Medivac  
  77  5:47  SCV  
  77  5:48  SCV  
  81  5:51  Marine  
  81  5:53  Widow Mine x2  
  81  5:56  Supply Depot  
  86  5:57  Marine, Marauder  
  91  6:04  Marauder  
  87  6:15  SCV  
  88  6:19  Marauder  
  88  6:22  Command Center  
  92  6:25  Marauder  
  92  6:30  Marine x2  
  93  6:34  Marine  
  93  6:37  Marine  
  93  6:39  Medivac  
  97  6:40  Marauder  
  97  6:44  Medivac  
  101  6:47  Supply Depot  
  101  6:48  Marine  
  101  6:51  Supply Depot x2  
  102  7:08  Widow Mine  
  102  7:09  Marine x3, Marauder, SCV  
  102  7:12  SCV  
  102  7:13  Marauder  
  112  7:19  Medivac x2  
  112  7:21  Supply Depot, SCV  
  112  7:22  Supply Depot x2  
  117  7:24  SCV  
  110  7:31  Marauder  
  110  7:33  SCV  
  113  7:41  Marine  
  113  7:42  Marauder  
  112  7:45  Marine  
  112  7:46  Marine  
  60  8:26  Orbital Command  
  43  8:41  Starport Tech Lab  
  36  10:14  SCV  
  36  10:17  Cloaking Field  
  37  10:43  Supply Depot  
  37  11:04  SCV  
  38  11:14  Supply Depot  
  38  11:16  SCV, Banshee  
  42  11:29  SCV  
  43  11:39  Starport  
  43  11:41  Refinery, SCV  
  43  11:43  Refinery  
  44  11:53  SCV  
  45  11:59  Banshee  
  48  12:05  SCV  
  49  12:17  SCV  
  48  12:29  SCV  
  41  12:41  SCV  
  45  12:45  Starport Tech Lab  
Tags
 
Add a new tag
Caveats
  • Supply blocks, unpowered buildings, or Contaminate may cause inaccurate times.
  • Supply counts are checked every 10 seconds.